 Dungeon Crawl Stone Soup version 0.32-a0-12-g7fc57aa741 (webtiles) character file.

Game seed: 6385476210465703036

21611 Gargoyl the Cleaver (level 12, -1/77 HPs)
             Began as a Gargoyle Berserker on Jan 14, 2024.
             Was an Elder of Trog.
             Slain by a seven-headed hydra simulacrum (13 damage)
             ... on level 2 of the Lair of Beasts.
             The game lasted 00:17:53 (11668 turns).

Gargoyl the Cleaver (Gargoyle Berserker)           Turns: 11668, Time: 00:17:55

Health: -1/77      AC: 20    Str: 19    XL:     12   Next: 91%
Magic:  12/12      EV: 16    Int:  9    God:    Trog [****..]
Gold:   2088       SH: 12    Dex: 19    Spells: 11/11 levels left

rFire   . . .        a - +4 hand axe (protect)
rCold   + . .        A - +1 kite shield
rNeg    + . .        D - +0 steam dragon scales
rPois   ∞            (no helmet)
rElec   +            (no cloak)
rCorr   .            B - +0 pair of gloves
SInv    .            (no boots)
Will    ++...        t - amulet of regeneration
Stlth   +++          v - +6 ring of dexterity
HPRegen 2.12/turn    q - ring of flight
MPRegen 0.13/turn

%: clarity
@: about to teleport, strong-willed, flying, regenerating
A: sickness immunity, AC +8, negative energy resistance 1, electricity
resistance, torment resistance 1, petrification resistance, iridescent scales 2,
clarity, cold resistance 1, weak 1
a: Renounce Religion, Berserk, Trog's Hand, Brothers in Arms


You were on level 2 of the Lair of Beasts.
You worshipped Trog.
Trog was greatly pleased with you.
You visited 2 branches of the dungeon, and saw 12 of its levels.
You also visited: Ossuary and Bailey.

You collected 2088 gold pieces.

Inventory:

Hand Weapons
 a - a +4 hand axe of protection (weapon)
 h - a +3 trident of draining
Missiles
 m - 40 poisoned darts (quivered)
Armour
 A - a +1 kite shield (worn)
 B - a +0 pair of gloves (worn)
 D - +0 steam dragon scales (worn)
Jewellery
 q - a ring of flight (right hand)
 t - an amulet of regeneration (around neck)
 v - a +6 ring of dexterity (left hand)
Wands
 j - a wand of flame (20)
Scrolls
 b - 5 scrolls of poison
 f - 5 scrolls of teleportation
 i - a scroll of summoning
 k - 3 scrolls of blinking
 o - 2 scrolls of vulnerability
 u - 3 scrolls of fear
 y - 8 scrolls of noise
 C - 3 scrolls of revelation
Potions
 c - 8 potions of curing
 d - a potion of berserk rage {unknown}
 e - 7 potions of heal wounds
 g - 4 potions of mutation
 l - 4 potions of attraction {unknown}
 n - 6 potions of enlightenment
 p - 4 potions of haste {unknown}
 r - 3 potions of resistance {unknown}
 s - 2 potions of cancellation {unknown}
 w - 2 potions of invisibility {unknown}
 x - 2 potions of ambrosia {unknown}
 z - 2 potions of might
 E - a potion of lignification


   Skills:
 + Level 9.7 Fighting
 + Level 13.0 Axes
 + Level 1.0(8.4) Polearms
 + Level 6.6 Armour
 + Level 8.5 Dodging
 + Level 3.5 Stealth
 + Level 7.9 Shields


You had 11 spell levels left.
You didn't know any spells.
Your spell library was empty.

Dungeon Overview and Level Annotations

Branches:
Dungeon (10/15)            Temple (0/1) D:5            Lair (2/5) D:10
  Swamp (0/4) Lair:2        Snake (0/4) Lair:2          Orc (0/2) D:9
Ossuary (visited)          Bailey (visited)

Altars:
Fedhas
Kikubaaqudgha
Okawaru
Qazlal
Trog
Wu Jian
Zin
The Shining One

Shops:
D:1 =   D:10 (

Annotations:
Lair:2 Vaxijaet's ghost, journeyman TrSh


Innate Abilities, Weirdness & Mutations

You are immune to sickness and miasma.
Your stone body is resilient. (AC +8)
You are immune to poison.
You resist negative energy. (rN+)
You are resistant to electric shocks. (rElec)
You are resistant to unholy torment.
You are immune to petrification.
You are mostly covered in iridescent scales. (AC +4)
You possess an exceptional clarity of mind.
Your flesh is cold resistant. (rC+)
You are weak. (Str -2)


Message History

The seven-headed hydra simulacrum bites you but does no damage.
The seven-headed hydra simulacrum barely misses you.
The seven-headed hydra simulacrum misses you.
You block the seven-headed hydra simulacrum's attack.
Vaxijaet's ghost misses you.
You fail to use your ability.
You block the black mamba simulacrum's attack.
You block the seven-headed hydra simulacrum's attack.
The seven-headed hydra simulacrum misses you.
You block the seven-headed hydra simulacrum's attack.
The seven-headed hydra simulacrum bites you!
The seven-headed hydra simulacrum freezes you!
You resist.
The seven-headed hydra simulacrum barely misses you.
The seven-headed hydra simulacrum bites you but does no damage. x2
Vaxijaet's ghost hits you!
You fail to use your ability.
You block the black mamba simulacrum's attack.
The black mamba simulacrum barely misses you.
Vaxijaet's ghost hits you but does no damage.
The seven-headed hydra simulacrum misses you.
The seven-headed hydra simulacrum closely misses you.
The seven-headed hydra simulacrum bites you but does no damage. x2
The seven-headed hydra simulacrum bites you.
The seven-headed hydra simulacrum freezes you!
You resist.
The seven-headed hydra simulacrum bites you but does no damage. x2
As you read the scroll of teleportation, it crumbles to dust.
You feel strangely unstable.
You block the black mamba simulacrum's attack.
Vaxijaet's ghost closely misses you.
The seven-headed hydra simulacrum bites you.
The seven-headed hydra simulacrum freezes you!
You resist.
* * * LOW HITPOINT WARNING * * *
The seven-headed hydra simulacrum bites you!
* * * LOW HITPOINT WARNING * * *
The seven-headed hydra simulacrum freezes you!
You resist.
You die...

.........####.................#
....>....###..............#..####
.........##..............###....#
........##................###..##
........###...............# #...#
P.......# #....|..........# ##...
........# #...............## ##..
.P....### ##...Z...........# #.#.
...#### #..ZZ@..........# ####
P..## ###''W###........# # ....#
#....ZZ.#........## #
.P.#########....Z##.........#
.......#.##.......##........#
..).......##.[[|.###..P....##
..........#..#.#..#....##...#####
..........#########.............#
######..>.................#......


You could see a spectral komodo dragon, a spectral death yak, Vaxijaet's ghost,
a black mamba simulacrum, a seven-headed hydra simulacrum, a cane toad
simulacrum and a torpor snail simulacrum.

Vanquished Creatures
  A hydra (Lair:2)
  A catoblepas (Lair:2)
  A two-headed ogre (D:6)
  Nergalle (Lair:1)
  2 skysharks (Lair:2)
  An orc knight (Bailey)
  10 elephants
  A black mamba (Lair:1)
  2 torpor snails (Lair:2)
  5 cane toads
  2 komodo dragons
  A rime drake (Lair:2)
  Psyche (D:9)
  A kobold demonologist (D:9)
  2 burning bushes (Lair:2)
  3 hornets
  3 blink frogs (Lair:2)
  19 yaks
  2 basilisks
  A wyvern (Lair:1)
  A steam dragon (D:9)
  2 nagas (Lair:2)
  An acid dragon (D:10)
  8 water moccasins
  2 sky beasts
  3 ice beasts
  2 black bears
  8 orc warriors
  2 ogres
  A centaur (D:10)
  3 wolves (Lair:1)
  A weeping skull (Ossuary)
  4 kobold brigands
  A gnoll sergeant (D:7)
  4 bullfrogs
  4 scorpions
  A burial acolyte (Ossuary)
  10 killer bees
  7 howler monkeys
  3 bombardier beetles
  2 orc priests
  4 hounds
  4 jellies
  An iguana (D:4)
  5 orc wizards
  2 sleepcaps
  3 scorpion zombies (D:6)
  3 mummies (Ossuary)
  10 gnolls
  4 howler monkey skeletons (D:6)
  11 adders
  3 white imps
  2 dart slugs
  2 ribbon worms
  37 orcs
  2 bats
  9 endoplasms
  3 giant cockroaches
  3 gnoll zombies (Ossuary)
  11 goblins
  4 hobgoblins
  3 jackals (D:4)
  47 kobolds
  A quokka (D:1)
  6 ball pythons
  4 frilled lizards (D:1)
  2 kobold zombies (Ossuary)
  3 orc zombies (Ossuary)
  7 rats
326 creatures vanquished.

Vanquished Creatures (collateral kills)
  Jeremiah (D:8)
1 creature vanquished.

Grand Total: 327 creatures vanquished

Notes
Turn   | Place    | Note
-------+----------+-------------------------------------------
     0 | D:1      | Gargoyl the Gargoyle Berserker began the quest for the Orb.
     0 | D:1      | Reached XP level 1. HP: 14/14 MP: 1/1
   199 | D:1      | Reached XP level 2. HP: 17/19 MP: 2/2
   366 | D:1      | Reached skill level 3 in Axes
   476 | D:1      | Found Tenyso's Jewellery Emporium.
   711 | D:2      | Reached XP level 3. HP: 24/24 MP: 3/3
  1360 | D:3      | Reached XP level 4. HP: 29/29 MP: 4/4
  1474 | D:3      | Reached ** piety under Trog
  1676 | D:3      | Reached skill level 4 in Axes
  1676 | D:3      | Reached XP level 5. HP: 33/33 MP: 5/5
  1908 | D:3      | Noticed a kobold brigand
  1916 | D:3      | Killed a kobold brigand
  1917 | D:3      | Reached XP level 6. HP: 39/39 MP: 6/6
  2096 | D:3      | Found a faded altar of an unknown god.
  2573 | D:4      | Reached skill level 5 in Axes
  2694 | D:4      | Reached XP level 7. HP: 44/44 MP: 7/7
  2946 | D:4      | Reached *** piety under Trog
  3569 | D:5      | Entered Level 5 of the Dungeon
  3587 | D:5      | Reached skill level 5 in Fighting
  3589 | D:5      | Reached skill level 6 in Axes
  3883 | D:5      | Reached XP level 8. HP: 48/49 MP: 8/8
  4137 | D:5      | Found a staircase to the Ecumenical Temple.
  4369 | D:6      | Reached skill level 7 in Axes
  4402 | D:6      | Reached skill level 5 in Armour
  4412 | D:6      | Reached **** piety under Trog
  4636 | D:6      | Noticed a two-headed ogre
  4646 | D:6      | Killed a two-headed ogre
  4647 | D:6      | Reached skill level 8 in Axes
  4647 | D:6      | Reached XP level 9. HP: 56/56 MP: 9/9
  4727 | D:6      | Found a sand-covered staircase.
  4743 | Ossuary  | Entered an ossuary
  5387 | D:7      | Identified a scroll of acquirement
  5387 | D:7      | Acquired 729 gold pieces
  5456 | D:7      | Gained mutation: Your flesh is cold resistant. (rC+)
                  | [potion of mutation]
  5456 | D:7      | Gained mutation: You are weak. (Str -2) [potion of
                  | mutation]
  5456 | D:7      | Gained mutation: You possess an exceptional clarity of
                  | mind. [potion of mutation]
  5456 | D:7      | Gained mutation: You have hidden genetic potential. [potion
                  | of mutation]
  5603 | D:7      | Reached skill level 9 in Axes
  5676 | D:7      | Found a flagged portal.
  5683 | Bailey   | Entered a bailey
  5818 | Bailey   | Noticed an orc knight
  5843 | Bailey   | Killed an orc knight
  5844 | Bailey   | Reached XP level 10. HP: 33/63 MP: 10/10
  6060 | D:7      | Reached skill level 10 in Axes
  6109 | D:7      | Reached skill level 1 in Stealth
  6635 | D:8      | Found a stormy altar of Qazlal.
  6848 | D:8      | Gained mutation: You are partially covered in iridescent
                  | scales. (AC +2) [hidden potential]
  7172 | D:8      | Found a glowing silver altar of Zin.
  7175 | D:8      | Found a bloodstained altar of Trog.
  7175 | D:8      | Noticed Jeremiah
  7196 | D:8      | Found an ornate altar of the Wu Jian Council.
  7214 | D:8      | Killed Jeremiah
  7215 | D:8      | Reached skill level 5 in Dodging
  7229 | D:8      | Found an iron altar of Okawaru.
  7236 | D:8      | Found a glowing golden altar of the Shining One.
  7547 | D:9      | Noticed a kobold demonologist
  7558 | D:9      | Killed a kobold demonologist
  7672 | D:9      | Reached skill level 1 in Shields
  7802 | D:9      | Found a staircase to the Orcish Mines.
  7819 | D:9      | Noticed Psyche
  7828 | D:9      | Killed Psyche
  7846 | D:9      | Reached skill level 11 in Axes
  7887 | D:9      | Reached XP level 11. HP: 68/68 MP: 11/11
  8636 | D:10     | Entered Level 10 of the Dungeon
  8673 | D:10     | Found Faedgh's Weapon Shop.
  8740 | D:10     | Found an ancient bone altar of Kikubaaqudgha.
  8743 | D:10     | Found a blossoming altar of Fedhas.
  8754 | D:10     | Found a staircase to the Lair.
  8903 | D:10     | Gained mutation: You are mostly covered in iridescent
                  | scales. (AC +4) [hidden potential]
  8903 | D:10     | Lost mutation: You have hidden genetic potential. [hidden
                  | potential expressed]
  9418 | Lair:1   | Entered Level 1 of the Lair of Beasts
  9500 | Lair:1   | Noticed Nergalle
  9540 | Lair:1   | Killed Nergalle
  9788 | Lair:1   | Reached skill level 12 in Axes
  9788 | Lair:1   | Reached skill level 5 in Shields
  9793 | Lair:1   | Reached XP level 12. HP: 76/76 MP: 12/12
 10565 | Lair:2   | Found a staircase to the Swamp.
 10585 | Lair:2   | Noticed a seven-headed hydra
 10648 | Lair:2   | Found a staircase to the Snake Pit.
 10978 | Lair:2   | Killed a seven-headed hydra
 11056 | Lair:2   | Noticed a skyshark
 11091 | Lair:2   | Killed a skyshark
 11246 | Lair:2   | Noticed a catoblepas
 11247 | Lair:2   | Noticed a skyshark
 11265 | Lair:2   | Reached skill level 1 in Polearms
 11304 | Lair:2   | Killed a skyshark
 11306 | Lair:2   | Found a runed translucent gate.
 11306 | Lair:2   | Found a runed translucent gate.
 11306 | Lair:2   | Found a runed translucent gate.
 11318 | Lair:2   | Noticed Vaxijaet's ghost (journeyman TrSh)
 11363 | Lair:2   | Killed a catoblepas
 11453 | Lair:2   | Reached skill level 13 in Axes
 11668 | Lair:2   | Slain by a seven-headed hydra simulacrum

Illustrated notes

Levels and vault maps discovered:
D:1:      ebering_trefoil_twist, layout_basic, serial_shops, shop
D:2:      layout_basic
D:3:      layout_basic, ebering_ecumenical_altar_hall
D:4:      kennysheep_kobold_camp, layout_basic
D:5:      layout_basic, minmay_temple_entry_hall
D:6:      wad_crossroads, layout_rooms, mainiacjoe_ossuary_entry_find_the_door,
          kennysheep_generic_room_3
D:7:      layout_basic, enter_bailey_2, corexii_checkpoint
D:8:      layout_cave_pods, nicolae_overflow_hallway_of_the_gods,
          nicolae_qazlal_beasts_of_the_sky, uniq_jeremiah
D:9:      layout_layer_cave, orc_0_dummy, uniq_psyche
D:10:     minmay_general_purpose_star, layout_rooms,
          grunt_temple_overflow_growth_and_decay, serial_shops,
          kennysheep_mini_moat
Lair:1:   layout_regular_city, uniq_nergalle
Lair:2:   layout_cave_pods, swamp_mist, minmay_snake_entry_guardpost_small,
          gammafunk_ghost_necromancy, evilmike_ambush
          [evilmike_ambush_outer_basic, evilmike_ambush_inner_basic]

Skill      XL: |  1  2  3  4  5  6  7  8  9 10 11 12 |
---------------+-------------------------------------+-----
Axes           | 3 4 5 6 8 9 11 12 13 | 13.0
Fighting       | 4 5 6 7 8 9 |  9.7
Armour         | 3 4 5 6 |  6.6
Dodging        | 2 3 4 5 7 8 |  8.5
Stealth        | 2 3 |  3.5
Shields        | 2 5 7 |  7.9
Polearms       | 1 |  1.0

Action                     |  1- 3 |  4- 6 |  7- 9 | 10-12 || total
---------------------------+-------+-------+-------+-------++-------
  Melee: Hand axe          |    95 |   108 |   599 |   867 ||  1669
         Punch             |       |     1 |     9 |     1 ||    11
         Trident           |       |       |       |     9 ||     9
 Invoke: Berserk           |     2 |     3 |     7 |    14 ||    26
         Trog's Hand       |       |     2 |     7 |    12 ||    21
         Brothers in Arms  |       |       |       |     2 ||     2
    Use: Scroll            |     5 |       |    10 |    14 ||    29
         Potion            |       |       |     1 |       ||     1
   Stab: Sleeping          |       |       |       |     3 ||     3
         Distracted        |       |       |       |     2 ||     2
 Armour: Animal skin       |     9 |       |       |       ||     9
         Ring mail         |    52 |    73 |   476 |   162 ||   763
         Steam dragon scal |       |       |       |   445 ||   445
  Dodge: Dodged            |    56 |    55 |   363 |   524 ||   998
  Block: Kite shield       |       |       |       |   505 ||   505

Table legend: (Time is in decaauts)
 A = Elapsed time spent in this place.
 B = Non-inter-level travel time spent in this place.
 C = Inter-level travel time spent in this place.
 D = Time resting spent in this place.
 E = Time spent auto-exploring this place.
 F = Levels seen in this place.
 G = Mean time per level.
                   A        B        C        D        E       F      G
               +--------+--------+--------+--------+--------+-----+--------+
         Total |  11744 |  11376 |    368 |    363 |   7644 |  14 |  838.9 |
       Dungeon |   8959 |   8651 |    308 |    264 |   6162 |  10 |  895.9 |
          Lair |   2223 |   2163 |     60 |     50 |   1287 |   2 | 1111.5 |
       Ossuary |    220 |    220 |      0 |      0 |     94 |   1 |  220.0 |
        Bailey |    340 |    340 |      0 |     49 |    101 |   1 |  340.0 |
               +--------+--------+--------+--------+--------+-----+--------+

Top non-repeatable levels by time:
     D:3: 1240 daAuts
  Lair:2: 1185 daAuts
     D:9: 1121 daAuts
  Lair:1: 1038 daAuts
     D:4: 1013 daAuts
     D:7: 949 daAuts
     D:8: 858 daAuts
     D:6: 835 daAuts
    D:10: 779 daAuts
     D:5: 774 daAuts
     D:2: 712 daAuts
     D:1: 674 daAuts
  Bailey: 340 daAuts
 Ossuary: 220 daAuts
